Map: Selva profunda EE

Players

TATORREA - Winner!

  • Race: Protoss Protoss
  • League: Silver
  • Spawn Location: 1:00

MrFercho - Winner!

  • Race: Zerg Zerg
  • League: Silver
  • Spawn Location: 1:00

tigro - Winner!

  • Race: Terran Terran
  • League: Bronze
  • Spawn Location: 3:00

Denjamin

  • Race: Zerg Zerg
  • League: Silver
  • Spawn Location: 7:00

natalya

  • Race: Protoss Protoss
  • League: Silver
  • Spawn Location: 7:00

Archnemasis

  • Race: Protoss Protoss
  • Spawn Location: 7:00

VOD

Have the link to the VOD?

Description

Time

  • Played on: June 18, 2020, 9:16 p.m.
  • Length: 15:26
Show
View Real Time Build Order
Export as new Build Order

TATORREA Protoss - Winner!

Build Orders: Colossus Rush 

Get SALT Encoding   

  12  0:01  Probe  
  13  0:13  Probe  
  14  0:20  Pylon  
  14  0:25  Probe  
  15  0:38  Probe  
  16  0:43  Gateway  
  16  0:53  Probe  
  17  1:01  Assimilator, Probe  
  17  1:09  Probe  
  19  1:20  Probe  
  20  1:32  Probe  
  21  1:39  Cybernetics Core  
  21  1:44  Probe  
  22  2:13  Probe  
  23  2:17  Assimilator  
  23  2:19  Warp Gate  
  23  2:28  Nexus  
  23  2:32  Pylon  
  23  2:35  Pylon  
  23  2:49  Robotics Facility  
  23  2:50  Probe  
  24  2:55  Gateway  
  24  2:56  Gateway  
  24  2:59  Pylon  
  24  3:03  Probe  
  24  3:05  Pylon  
  25  3:11  Probe  
  25  3:19  Probe  
  26  3:20  Stalker  
  29  3:31  Probe  
  30  3:43  Probe  
  30  3:45  Immortal  
  30  3:48  Probe  
  36  3:50  Sentry  
  39  3:55  Probe  
  39  4:00  Probe  
  40  4:07  Probe  
  40  4:12  Probe  
  41  4:20  Robotics Bay  
  41  4:22  Twilight Council  
  41  4:26  Forge  
  41  4:27  Probe x2  
  43  4:39  Probe x2  
  43  4:40  Assimilator  
  43  4:44  Assimilator  
  45  4:50  Stalker  
  45  4:51  Stalker, Probe x2  
  51  4:56  Stalker  
  53  5:03  Probe  
  53  5:04  Probe  
  55  5:15  Probe  
  55  5:16  Probe  
  57  5:24  Nexus  
  57  5:28  Probe x2  
  59  5:33  Pylon  
  59  5:36  Pylon  
  59  5:40  Probe x2  
  61  5:44  Protoss Ground Weapons Level 1  
  61  5:49  Extended Thermal Lance  
  61  5:50  Colossus  
  61  5:52  Probe x2  
  70  6:04  Probe x2  
  71  6:16  Probe x2  
  73  6:22  Photon Cannon  
  73  6:25  Pylon  
  73  6:29  Pylon  
  73  6:33  Forge  
  73  6:34  Probe x2  
  73  6:35  Forge  
  73  6:36  Probe  
  76  6:46  Assimilator, Probe x2  
  78  6:48  Protoss Ground Armor Level 1, Probe  
  78  6:49  Assimilator, Protoss Shields Level 1  
  79  6:58  Probe x2  
  81  7:01  Stalker x2  
  81  7:02  Stalker  
  87  7:15  Immortal  
  91  7:23  Probe x3  
  94  7:46  Protoss Ground Weapons Level 2  
  94  7:48  Stalker  
  94  7:49  Stalker x2  
  100  8:26  Nexus  
  100  8:28  Stalker x2  
  100  8:29  Stalker  
  100  8:33  Pylon  
  106  8:36  Colossus  
  112  8:53  Stalker x3  
  118  9:05  Pylon  
  118  9:08  Pylon  
  118  9:12  Pylon  
  118  9:14  Pylon  
  118  9:24  Pylon  
  118  9:27  Pylon  
  108  9:34  Pylon  
  108  9:37  Pylon  
  94  9:40  Stalker x3  
  94  9:44  Colossus  
  102  9:58  Gateway  
  102  10:00  Gateway  
  102  10:03  Gateway  
  102  10:05  Gateway  
  100  10:07  Gateway  
  100  10:09  Gateway  
  100  10:11  Gateway  
  100  10:12  Gateway  
  100  10:13  Stalker  
  100  10:14  Stalker  
  90  10:15  Gateway  
  90  10:18  Gateway  
  90  10:19  Gateway  
  80  10:26  Protoss Ground Armor Level 2  
  80  10:27  Protoss Ground Weapons Level 3, Protoss Shields Level 2  
  80  10:28  Gateway  
  80  10:32  Stalker  
  80  10:33  Gateway  
  78  10:36  Gateway  
  78  10:38  Gateway, Colossus  
  82  10:46  Gateway  
  82  10:49  Gateway  
  76  10:59  Stalker x4  
  76  11:00  Stalker x2  
  88  11:07  Stalker x4  
  90  11:31  Colossus  
  94  11:35  Stalker x4  
  94  11:36  Stalker x4  
  94  11:37  Stalker x3  
  94  11:38  Stalker x2  
  120  11:49  Pylon  
  120  11:51  Pylon  
  120  12:04  Stalker x4  
  120  12:05  Stalker x3  
  120  12:06  Stalker  
  136  12:16  Probe x2  
  136  12:17  Probe x2  
  136  12:22  Assimilator  
  138  12:25  Assimilator  
  138  12:28  Probe  
  138  12:29  Probe x3  
  98  13:39  Stalker x3  
  98  13:40  Stalker x3  
  98  13:41  Stalker x4  
  104  13:42  Stalker x2  
  104  13:43  Stalker x3  
  104  13:44  Stalker x2  
  104  13:45  Stalker x3  
  104  13:47  Colossus  
  118  14:23  Probe x4, Nexus  
  122  14:24  Pylon  
  122  14:26  Pylon  
  122  14:29  Stalker x3  
  122  14:30  Stalker x2  
  122  14:31  Stalker  
  134  14:33  Stalker  
  134  14:35  Probe x4  
  146  15:05  Stalker x3  
  146  15:06  Stalker x4  
  160  15:07  Stalker x3  
  160  15:08  Stalker x3  
  160  15:09  Stalker  
Show
View Real Time Build Order
Export as new Build Order

MrFercho Zerg - Winner!

Build Orders: Hatch First, Lurkers 

Get SALT Encoding   

  12  0:01  Drone  
  13  0:13  Overlord  
  13  0:17  Drone  
  14  0:33  Drone x2  
  16  0:54  Drone  
  17  0:57  Hatchery  
  17  0:59  Drone  
  17  1:10  Drone  
  18  1:18  Spawning Pool, Drone  
  18  1:26  Extractor, Drone  
  18  1:32  Drone  
  20  1:40  Drone  
  20  2:02  Drone x2  
  22  2:11  Overlord  
  22  2:23  Drone x2  
  22  2:25  Drone  
  25  2:31  Queen x2  
  25  2:32  Drone  
  25  2:33  Drone  
  31  2:42  Baneling Nest  
  30  2:50  Roach Warren  
  30  2:52  Drone x3  
  30  2:55  Drone  
  34  3:05  Drone  
  35  3:10  Zergling x2  
  36  3:19  Overlord x2  
  36  3:36  Queen  
  36  3:38  Spine Crawler  
  37  3:42  Spine Crawler  
  37  3:43  Drone x3  
  37  3:44  Spine Crawler, Drone  
  37  3:45  Spine Crawler  
  37  3:46  Roach x3, Spine Crawler  
  43  3:54  Drone x2  
  43  3:55  Drone x2  
  47  3:57  Drone  
  48  4:21  Drone x4  
  52  4:27  Overlord  
  52  4:28  Extractor  
  51  4:31  Extractor  
  50  5:06  Lair  
  50  5:09  Hatchery  
  50  5:13  Evolution Chamber  
  48  5:14  Drone x3, Evolution Chamber  
  48  5:15  Drone x3  
  48  5:16  Extractor  
  48  5:18  Drone x2  
  48  5:19  Drone  
  55  5:46  Spore Crawler  
  55  5:48  Drone  
  55  5:49  Drone x4  
  59  5:50  Drone  
  59  5:51  Overlord x2  
  59  5:52  Overlord  
  60  6:12  Hatchery x2  
  60  6:15  Zerg Ground Armor Level 1, Zerg Missile Weapons Level 1  
  58  6:24  Hydralisk Den  
  58  6:25  Drone x9  
  66  6:41  Infestation Pit  
  65  6:51  Drone x9  
  73  7:19  Hatchery  
  73  7:20  Extractor, Hydralisk x8  
  89  7:23  Extractor  
  76  8:01  Hydralisk x9  
  92  8:20  Hydralisk  
  92  8:21  Hydralisk x2  
  92  8:23  Overlord x7  
  88  8:38  Hatchery  
  87  8:42  Hatchery  
  87  8:43  Hydralisk x4  
  94  9:11  Zerg Missile Weapons Level 2, Zerg Ground Armor Level 2  
  94  9:13  Hive  
  94  9:15  Muscular Augments  
  94  9:23  Lurker Den  
  93  9:28  Hydralisk x5  
  85  10:06  Hydralisk x9  
  85  10:07  Hydralisk x2  
  93  10:26  Grooved Spines  
  93  10:32  Extractor  
  88  10:35  Extractor  
  69  10:53  Hydralisk x12  
  60  11:53  Hydralisk  
  60  11:54  Hydralisk x11  
  81  12:08  Drone x8  
  81  12:09  Drone x2  
  78  12:21  Hydralisk x6  
  90  12:32  Lurker x4  
  94  12:53  Hydralisk x7  
  108  13:14  Seismic Spines  
  106  13:36  Hydralisk x5  
  106  13:37  Hydralisk x3  
  119  13:47  Extractor  
  116  13:50  Extractor  
  115  13:56  Hydralisk x6  
  125  14:12  Adaptive Talons  
  121  14:18  Overseer  
  115  14:37  Hydralisk  
  115  14:38  Hydralisk x12  
Show
View Real Time Build Order
Export as new Build Order

tigro Terran - Winner!

Build Orders:  

Get SALT Encoding   

  12  0:03  SCV  
  13  0:15  SCV  
  14  0:27  Supply Depot, SCV  
  15  0:37  Refinery  
  15  0:47  Refinery  
  15  0:48  SCV  
  16  1:00  Barracks  
  16  1:03  SCV  
  17  1:15  SCV  
  18  1:20  Supply Depot  
  18  1:27  SCV  
  19  1:39  SCV  
  20  1:50  Marine  
  20  1:51  SCV  
  22  2:03  SCV  
  22  2:08  Marine  
  23  2:09  Barracks  
  24  2:15  SCV  
  25  2:26  Marine  
  25  2:27  Engineering Bay, SCV  
  27  2:40  Orbital Command  
  27  2:44  Marine  
  28  2:59  Factory  
  28  3:01  Marine  
  29  3:12  Missile Turret  
  29  3:27  Barracks Tech Lab  
  29  3:29  Barracks Tech Lab  
  29  3:34  Missile Turret  
  29  3:44  Terran Infantry Weapons Level 1  
  29  3:47  Combat Shield  
  29  3:49  Stimpack  
  29  3:57  Missile Turret  
  29  4:08  Factory Tech Lab  
  29  4:16  Marine x2  
  31  4:23  Missile Turret  
  31  4:33  Marine  
  31  4:34  Marine  
  31  4:36  Starport  
  33  4:51  Marine  
  34  5:06  Concussive Shells  
  34  5:16  Siege Tank  
  37  5:31  Missile Turret  
  37  5:38  Terran Infantry Armor Level 1  
  37  5:48  Siege Tank  
  40  5:54  Missile Turret  
  40  6:09  Command Center  
  40  6:12  Medivac  
  42  6:25  Fusion Core  
  42  6:27  Missile Turret  
  42  6:37  Marine x2  
  44  6:53  Missile Turret  
  44  6:55  Marine x2  
  46  7:13  Armory, Marine  
  47  7:20  Marine, Siege Tank  
  47  7:22  Refinery  
  51  7:29  Supply Depot  
  51  7:30  Marine  
  51  7:32  Hi-Sec Auto Tracking  
  51  7:33  Planetary Fortress  
  51  7:36  Refinery  
  52  7:44  Starport Tech Lab  
  52  7:54  Supply Depot  
  52  8:02  Marine x2  
  51  8:05  Starport  
  32  8:20  Marine x2  
  32  8:22  SCV  
  35  8:29  Neosteel Armor  
  32  8:34  SCV  
  32  8:37  Marine  
  32  8:38  Marine  
  35  8:46  SCV  
  36  8:55  Marine  
  36  8:58  SCV  
  40  9:05  Battlecruiser  
  40  9:07  Starport Tech Lab  
  44  9:11  SCV  
  42  9:22  Marine x2  
  43  9:26  SCV  
  42  9:40  Marine x2  
  44  9:48  Thor  
  50  9:58  Marine  
  51  10:09  Medivac  
  41  10:39  Marine x2  
  30  10:56  Thor  
  35  10:57  Marine x2  
  34  11:15  Marine x2  
  34  11:33  Marine x2  
  36  11:46  Command Center  
  36  11:50  Marine  
  36  11:51  Medivac, Marine  
  40  12:16  Marine, Missile Turret  
  40  12:17  Marine  
  42  12:34  Marine x2  
  44  12:52  Marine x2  
  46  13:44  Marine  
  46  13:45  Marine  
  48  14:02  Marine  
  48  14:03  Marine  
  48  14:13  Medivac  
  48  14:14  Medivac  
  52  14:20  Marine x2  
  48  14:38  Marine x2  
  49  14:56  Marine x2  
Show
View Real Time Build Order
Export as new Build Order

Denjamin Zerg 

Build Orders: Pool First 

Get SALT Encoding   

  12  0:06  Drone  
  14  0:14  Drone  
  14  0:17  Overlord  
  14  0:38  Drone x2  
  16  0:46  Drone  
  17  0:53  Drone  
  17  0:54  Spawning Pool  
  17  1:03  Drone  
  18  1:09  Extractor  
  17  1:25  Drone x2  
  19  1:33  Hatchery  
  19  1:34  Drone  
  19  1:41  Queen  
  19  1:45  Overlord  
  21  1:55  Drone  
  22  2:09  Zergling x2  
  23  2:49  Extractor  
  23  2:51  Queen  
  24  2:55  Drone x2  
  24  2:56  Drone  
  28  2:58  Drone x3  
  28  3:01  Queen  
  28  3:03  Drone x2  
  34  3:17  Drone  
  35  3:24  Roach Warren  
  34  3:29  Lair  
  34  3:36  Drone x2  
  34  3:39  Overlord  
  34  3:40  Overlord  
  36  4:18  Roach x4  
  36  4:19  Roach x4  
  36  4:23  Overlord  
  36  4:24  Overlord x2  
  52  4:37  Spore Crawler  
  51  4:38  Drone  
  51  4:42  Drone x2  
  51  4:44  Drone x2  
  56  5:05  Drone x4  
  60  5:08  Glial Reconstitution  
  60  5:13  Extractor  
  59  5:16  Overlord x3  
  59  5:17  Drone x2  
  61  5:23  Queen  
  61  5:25  Spore Crawler  
  61  5:28  Drone  
  63  5:36  Drone x4  
  67  5:45  Roach x6  
  79  6:00  Drone  
  79  6:01  Extractor  
  79  6:03  Drone x2  
  81  6:20  Overseer  
  81  6:26  Hatchery, Roach  
  81  6:27  Evolution Chamber  
  81  6:29  Roach x3  
  81  6:30  Roach x4  
  95  6:43  Drone x2  
  95  6:44  Drone x3  
  100  6:49  Overlord  
  100  7:16  Tunneling Claws  
  100  7:19  Burrow  
  100  7:55  Roach x3  
  100  7:56  Roach x4  
  100  7:57  Overlord x4  
  101  8:38  Ravager x4  
  101  8:39  Ravager x4  
  109  8:44  Queen  
  109  8:45  Drone x3  
  114  8:56  Ravager  
  114  8:58  Roach x2  
  114  8:59  Roach x5  
  114  9:00  Roach  
  131  9:21  Roach  
  131  9:22  Roach x5  
  74  11:23  Drone x2  
  74  11:24  Extractor, Drone  
  76  11:26  Roach x9  
  94  11:49  Overseer  
  94  11:51  Zerg Missile Weapons Level 1  
  94  11:57  Hatchery, Evolution Chamber  
  94  12:00  Drone x3  
  94  12:01  Extractor  
  82  12:21  Roach  
  82  12:22  Roach x11  
  97  12:39  Queen  
  84  13:10  Roach  
  84  13:11  Roach x11  
  89  13:26  Zergling x2  
  85  13:27  Zergling x4  
  56  13:58  Hydralisk Den  
  53  14:05  Queen  
  53  14:06  Roach  
  53  14:07  Roach x5  
  65  14:20  Overlord x5  
  48  14:46  Roach x3  
  54  14:57  Roach  
  54  14:58  Drone  
Show
View Real Time Build Order
Export as new Build Order

natalya Protoss 

Build Orders:  

Get SALT Encoding   

  12  0:01  Probe  
  13  0:15  Probe  
  14  0:22  Pylon  
  14  0:27  Probe  
  15  0:44  Gateway  
  15  0:45  Probe  
  16  0:51  Assimilator  
  16  0:57  Probe  
  17  1:05  Gateway  
  17  1:09  Probe  
  18  1:12  Assimilator  
  18  1:24  Probe  
  19  1:26  Pylon  
  19  1:37  Cybernetics Core  
  19  1:38  Probe  
  20  1:48  Pylon  
  20  1:50  Probe  
  21  2:13  Warp Gate  
  21  2:16  Stalker  
  21  2:17  Sentry  
  21  2:20  Probe  
  26  2:43  Nexus  
  26  2:49  Probe  
  27  3:07  Probe  
  28  3:20  Robotics Facility, Probe  
  29  3:29  Gateway  
  29  3:32  Probe  
  30  3:44  Pylon  
  30  3:57  Forge  
  30  3:58  Twilight Council  
  30  4:07  Probe x2  
  32  4:23  Probe  
  32  4:24  Probe  
  34  4:29  Protoss Ground Weapons Level 1  
  34  4:35  Charge  
  34  4:38  Observer  
  35  4:43  Probe x2  
  37  4:48  Pylon  
  37  4:53  Pylon  
  37  4:59  Gateway  
  37  5:00  Probe  
  37  5:01  Gateway  
  37  5:03  Probe  
  39  5:19  Probe  
  39  5:20  Probe  
  41  5:24  Assimilator  
  41  5:26  Assimilator  
  41  5:32  Pylon  
  41  5:34  Pylon  
  41  5:35  Probe x2  
  43  5:47  Immortal  
  47  5:56  Stalker x2  
  51  5:57  Stalker  
  53  6:07  Zealot  
  53  6:09  Zealot  
  57  6:14  Pylon  
  57  6:15  Probe x2  
  59  6:21  Stalker  
  59  6:22  Stalker  
  59  6:24  Stalker  
  65  6:27  Probe  
  65  6:28  Stalker  
  68  6:51  Immortal  
  68  6:54  Probe x2  
  73  7:00  Stalker x3  
  80  7:06  Probe  
  81  8:01  Immortal  
  81  8:40  Immortal  
  85  9:06  Zealot  
  85  9:07  Zealot x4  
  95  9:16  Protoss Ground Weapons Level 2  
  95  9:18  Blink  
  73  9:51  Assimilator x2, Pylon x2  
  73  9:54  Pylon  
  65  10:22  Stalker x5  
  61  10:59  Stalker  
  61  11:00  Stalker x4  
  69  11:08  Gateway  
  69  11:10  Gateway  
  69  11:13  Gateway  
  69  11:16  Gateway x2  
  69  11:19  Gateway  
  69  11:20  Gateway x2  
  69  11:23  Gateway  
  65  11:27  Gateway  
  65  11:32  Probe x2  
  57  11:44  Probe x2  
  59  11:49  Robotics Bay  
  59  11:50  Protoss Ground Weapons Level 3  
  59  11:56  Probe  
  59  11:57  Probe  
  59  11:59  Templar Archives  
  59  12:02  Nexus  
  59  12:04  Dark Shrine  
  54  12:10  Stalker x2  
  54  12:11  Stalker x2  
  54  12:12  Stalker x2  
  54  12:13  Stalker x3  
  54  12:14  Stalker  
  54  12:15  Stalker  
  75  12:17  Stalker  
  51  12:38  Photon Cannon  
  51  12:40  Photon Cannon  
  47  12:44  Photon Cannon  
  43  12:53  Stalker  
  43  12:54  Stalker x2  
  38  13:20  Stalker x5  
  21  14:04  Stalker x4  
  21  14:05  Stalker  
  26  14:37  Observer  
  20  14:45  Zealot x4  
  27  14:46  Zealot  
  27  14:52  Observer  
Show
View Real Time Build Order
Export as new Build Order

Archnemasis Protoss 

Build Orders: Carriers 

Get SALT Encoding   

  12  0:02  Probe  
  13  0:16  Probe  
  14  0:24  Pylon  
  14  0:28  Probe  
  15  0:42  Probe  
  16  0:45  Pylon  
  16  0:48  Assimilator  
  16  0:54  Probe  
  17  1:14  Probe  
  18  1:23  Gateway  
  18  1:25  Assimilator  
  18  1:29  Probe  
  19  1:41  Probe  
  19  1:42  Pylon  
  20  1:53  Probe  
  21  2:00  Pylon  
  21  2:06  Probe  
  22  2:12  Cybernetics Core  
  22  2:18  Probe  
  22  2:21  Zealot  
  25  2:32  Pylon  
  25  2:35  Pylon  
  25  2:48  Zealot  
  27  3:18  Stargate  
  27  3:21  Stargate  
  27  3:29  Pylon  
  27  3:33  Stargate  
  27  3:36  Stargate  
  27  3:59  Pylon  
  27  4:23  Fleet Beacon  
  27  4:41  Stalker  
  29  4:50  Probe  
  30  4:57  Stargate  
  30  5:02  Probe  
  31  5:07  Nexus  
  31  5:11  Stalker  
  34  5:14  Probe  
  34  5:18  Assimilator  
  34  5:22  Assimilator  
  34  5:49  Tempest  
  39  6:16  Probe  
  39  6:25  Probe  
  40  6:29  Protoss Air Weapons Level 1, Carrier  
  47  6:34  Probe  
  48  6:46  Probe  
  49  6:57  Tempest  
  49  6:58  Probe  
  55  7:10  Probe  
  55  7:12  Tempest  
  56  7:22  Probe  
  62  7:23  Carrier  
  62  7:24  Tempest  
  73  7:30  Probe  
  74  7:38  Probe  
  75  7:49  Probe  
  76  8:01  Carrier, Probe  
  76  8:05  Tempest  
  88  8:18  Tempest  
  93  8:27  Protoss Air Armor Level 1  
  93  8:45  Nexus  
  93  8:51  Pylon  
  93  8:53  Pylon  
  93  8:54  Pylon  
  93  8:57  Pylon  
  93  9:00  Pylon  
  93  9:01  Pylon  
  93  9:04  Pylon  
  93  9:15  Pylon  
  93  9:19  Assimilator  
  93  9:34  Tempest  
  90  10:39  Protoss Air Weapons Level 2  
  84  11:25  Probe  
  63  11:31  Carrier  
  43  11:37  Probe  
  44  11:40  Tempest x2  
  44  11:41  Void Ray, Carrier  
  70  11:49  Probe  
  71  12:01  Probe  
  71  12:02  Assimilator  
  72  12:13  Probe  
  73  12:23  Tempest  
  73  12:24  Void Ray, Carrier  
  73  12:25  Probe  
  73  12:27  Tempest  
  89  12:38  Probe  
  86  12:45  Tempest  
  86  12:50  Probe  
  82  13:02  Probe  
  77  13:06  Carrier  
  77  13:07  Tempest  
  77  13:08  Carrier  
  88  13:14  Probe  
  79  13:28  Tempest  
  80  13:42  Tempest  
  85  13:50  Carrier  
  91  14:01  Carrier  
  91  14:10  Tempest  
  86  14:35  Tempest  
Tags
 
Add a new tag
Caveats
  • Supply blocks, unpowered buildings, or Contaminate may cause inaccurate times.
  • Supply counts are checked every 10 seconds.